 Dungeon Crawl Stone Soup version 0.21.1-1-g345015f (webtiles) character file.

785 diana the Carver (level 7, 0/79 HPs)
             Began as a Demigod Gladiator on June 3, 2018.
             Slain by a gnoll
             ... wielding a +0 flail
              (3 damage)
             ... on level 3 of the Dungeon.
             The game lasted 00:07:45 (5256 turns).

diana the Carver (Demigod Gladiator)                Turns: 5256, Time: 00:07:46

Health: 0/79       AC:  7    Str: 22    XL:     7   Next: 30%
Magic:  9/9        EV: 13    Int: 12    God:
Gold:   212        SH:  0    Dex: 21    Spells: 6/6 levels left

rFire    . . .     SeeInvis .   a - +0 long sword
rCold    . . .     Gourm    .   (no shield)
rNeg     . . .     Faith    .   b - +0 leather armour
rPois    .         Spirit   .   c - +0 helmet
rElec    .         Reflect  .   (no cloak)
rCorr    .         Harm     .   (no gloves)
MR       .....                  g - +2 pair of boots
Stlth    ..........             (no amulet)
HPRegen  0.23/turn              (no ring)
MPRegen  0.11/turn              (no ring)

@: berserking, flying, very quick
A: high mp 1
a: no special abilities


You were on level 3 of the Dungeon.
You were very hungry.

You visited 1 branch of the dungeon, and saw 5 of its levels.
You also visited: Sewer.

You collected 212 gold pieces.

Inventory:

Hand Weapons
 a - a +0 long sword (weapon)
Missiles
 d - 2 throwing nets (quivered)
Armour
 b - a +0 leather armour (worn)
 c - a +0 helmet (worn)
 g - a +2 pair of boots (worn)
Jewellery
 l - an uncursed amulet of guardian spirit {unknown}
 o - an uncursed ring of stealth {unknown}
 q - an uncursed ring of flight {unknown}
Wands
 v - a wand of flame (32)
Scrolls
 e - 2 scrolls of teleportation
 h - a scroll of remove curse {unknown}
 i - 3 scrolls of enchant armour
 m - a scroll of identify {unknown}
 w - a scroll of blinking {unknown}
Potions
 k - 3 potions of flight
 n - 2 potions of resistance {unknown}
 p - 2 potions of agility {unknown}
 r - a potion of magic {unknown}
 s - 6 potions of curing {unknown}
 t - a potion of heal wounds {unknown}
 u - a potion of cancellation {unknown}
Comestibles
 f - 4 rations


   Skills:
 - Level 1.7 Fighting
 + Level 8.3 Long Blades
 - Level 1.7 Throwing
 - Level 2.6 Dodging


You had 6 spell levels left.
You didn't know any spells.

Dungeon Overview and Level Annotations

Branches:
Dungeon (5/15)
 Temple: D:4-7

Annotations:
D:3 Menkaure
D:5 Blork the orc; emiel's ghost, novice OpFi


Innate Abilities, Weirdness & Mutations

You have an increased reservoir of magic. (+10% MP)


Message History

* * * LOW HITPOINT WARNING * * *
It was a potion of flight.
You feel very buoyant.
You fly up into the air.
Menkaure calls on the powers of darkness!
The gnoll convulses!
You feel a surge of unholy energy.
There is an escape hatch in the ceiling here.
The gnoll hits you but does no damage. Menkaure casts a spell at you.
Pain shoots through your body!
* * * LOW HITPOINT WARNING * * *
A mysterious force pulls you upwards. The hatch slams shut behind you.
A bat comes into view.
A red film seems to cover your vision as you go berserk!
You feel yourself moving faster!
You feel mighty!
You are feeling very hungry.
Menkaure closely misses you.
You riposte.
You slash Menkaure!
Menkaure is heavily damaged.
The gnoll hits you with a flail.
You die...

#.....###.#### #.# #
###.#.###.#########.# #
#.....#........##.###### #
###.#.#........#.......#######
#.#.#.....b..#....#..##....(
#........................<.)
####.##.......#.#...#.##.....
#....##......g#.#...#.#######
#.#####.....@M#.......# ## #.#
#############.#### #. #.#
#......# #.# ## #.####.####.#
###.####### #
#....#.####.####.>.......# #
#.......#..........#####.####
#.##.#..#.#.####.#######.#...
#.##........# #.##...##.#.##
#.#####.##### #.##..........


You could see Menkaure, a gnoll and a bat.

Vanquished Creatures
  Sigmund (D:5)
  An ogre (D:4)
  A big kobold (Sewer)
  A scorpion (D:5)
  2 orc priests
  A hound (D:4)
  A centaur skeleton (D:5)
  2 orc wizards (D:5)
  A worker ant (D:5)
  A hound zombie (D:5)
  A hound skeleton (D:4)
  A gnoll (D:4)
  5 adders
  4 river rats
  An ooze (D:1)
  8 worms
  A dart slug (D:2)
  4 leopard geckos
  5 orcs
  A ball python (D:3)
  6 giant cockroaches
  7 goblins
  8 hobgoblins
  11 jackals
  7 kobolds
  4 bats
  5 frilled lizards
  A quokka skeleton (D:4)
  10 rats
102 creatures vanquished.

Notes
Turn   | Place    | Note
-------+----------+-------------------------------------------
     0 | D:1      | diana the Demigod Gladiator began the quest for the Orb.
     0 | D:1      | Reached XP level 1. HP: 17/17 MP: 3/3
    44 | D:1      | Reached skill level 3 in Long Blades
   148 | D:1      | Reached XP level 2. HP: 21/24 MP: 4/4
  1151 | D:2      | Reached XP level 3. HP: 6/29 MP: 5/5
  1426 | D:2      | Reached skill level 4 in Long Blades
  2236 | D:2      | Reached XP level 4. HP: 5/36 MP: 6/6
  2623 | D:3      | Reached skill level 5 in Long Blades
  3195 | D:4      | Reached XP level 5. HP: 41/41 MP: 7/7
  3238 | D:4      | Noticed an ogre
  3253 | D:4      | Killed an ogre
  3253 | D:4      | Reached skill level 6 in Long Blades
  3502 | D:5      | Entered Level 5 of the Dungeon
  3514 | D:5      | Reached XP level 6. HP: 26/48 MP: 8/8
  3535 | D:5      | Reached skill level 7 in Long Blades
  3783 | D:5      | Noticed Sigmund
  3788 | D:5      | Killed Sigmund
  3863 | D:5      | Reached XP level 7. HP: 43/53 MP: 9/9
  3916 | D:5      | Found a glowing drain.
  3926 | Sewer    | Entered a sewer
  4295 | Sewer    | Reached skill level 8 in Long Blades
  4320 | Sewer    | Found a white marble altar of Elyvilon.
  4465 | D:5      | Found a burning altar of Makhleb.
  4543 | D:5      | Found a radiant altar of Vehumet.
  4546 | D:5      | Noticed emiel's ghost (novice OpFi)
  4553 | D:5      | Noticed Blork the orc
  5216 | D:4      | Noticed Menkaure
  5239 | D:4      | HP: 2/53 [Menkaure/nerve-wracking pain (10)]
  5254 | D:4      | HP: 2/53 [Menkaure/nerve-wracking pain (3)]
  5256 | D:3      | Slain by a gnoll

Skill      XL: |  1  2  3  4  5  6  7 |
---------------+----------------------+-----
Long Blades    | 3 4 5 6 7 8 |  8.3
Fighting       | |  1.7
Throwing       | |  1.7
Dodging        | |  2.6

Action                   |  1- 3 |  4- 6 |  7- 9 || total
-------------------------+-------+-------+-------++-------
Melee: Long sword        |   124 |    95 |   105 ||   324
Throw: Throwing net      |       |     2 |       ||     2
  Use: Potion            |     1 |     2 |     2 ||     5
       Scroll            |       |     3 |       ||     3
 Stab: Sleeping          |     1 |     2 |       ||     3
       Held in net/web   |       |     2 |       ||     2
  Eat: Chunk             |     4 |     5 |     1 ||    10
       Ration            |       |       |     1 ||     1
Armor: Leather armour    |    47 |    28 |    40 ||   115
Dodge: Dodged            |    91 |    61 |    94 ||   246
       Rpst.: Long sword |    27 |    21 |    32 ||    80
